 Dungeon Crawl Stone Soup version 0.20.1-1-g8b1a95d (webtiles) character file.

46 vatarom the Ruffian (level 3, 0/33 HPs)
             Began as a Troll Transmuter on Sept 20, 2017.
             Slain by a goblin
             ... wielding a +0 dagger
             ... led by Robin
              (3 damage)
             ... on level 2 of the Dungeon.
             The game lasted 00:02:53 (986 turns).

vatarom the Ruffian (Troll Transmuter)               Turns: 986, Time: 00:02:54

Health: 0/33       AC:  6    Str: 18    XL:     3   Next: 46%
Magic:  3/3        EV: 10    Int:  9    God:
Gold:   56         SH:  0    Dex: 11    Spells: 3/4 levels left

rFire    . . .     SeeInvis .     - Unarmed
rCold    . . .     Gourm    +   (no shield)
rNeg     . . .     Faith    .   b - +0 robe
rPois    .         Spirit   .   (helmet restricted)
rElec    .         Reflect  .   (no cloak)
rCorr    .         Harm     .   (gloves unavailable)
MR       .....     Rnd*Rage +   (boots unavailable)
Stlth    +.........             (no amulet)
Regen    0.6/turn               (no ring)
MPRegen  0.1/turn               (no ring)

@: no status effects
A: unfitting armour, claws 3, icy blue scales 1, berserk 1, deformed body, fast
metabolism 3, gourmand, regeneration 1, shaggy fur 1, tough skin 2
a: no special abilities


You were on level 2 of the Dungeon.
You were not hungry.

You visited 1 branch of the dungeon, and saw 2 of its levels.

You collected 56 gold pieces.

Inventory:

Missiles
 a - 12 arrows
Armour
 b - a +0 robe (worn)
Scrolls
 e - a scroll of identify
Potions
 f - 2 potions of flight
Books
 c - a book of Changes

   Spells                             Type                      Level
   a - Beastly Appendage              Transmutation                1
   b - Sticks to Snakes               Transmutation                2
   c - Spider Form                    Transmutation/Poison         3
   d - Ice Form                       Ice/Transmutation            4
   e - Blade Hands                    Transmutation                5
Comestibles
 d - 2 bread rations
 g - a meat ration


   Skills:
 + Level 1.5 Fighting
 + Level 1.9 Dodging
 * Level 3.9 Unarmed Combat
 - Level 1.2 Spellcasting
 - Level 1.3 Transmutations


You had 3 spell levels left.
You knew the following spells:

 Your Spells              Type           Power        Failure   Level  Hunger
a - Beastly Appendage     Tmut           #.....       21%         1    ##.....


Dungeon Overview and Level Annotations

Branches:
Dungeon (2/15)

Altars:

Annotations:
D:2 Robin


Innate Abilities, Weirdness & Mutations

You are too large for most types of armour.
You have claws for hands.
Your metabolism is lightning-fast.
You like to eat raw meat.
Your natural rate of healing is unusually fast.
You are covered in fur. (AC +1)
You have very tough skin. (AC +2)
You are partially covered in icy blue scales. (AC +2)
You tend to lose your temper in combat.
Armour fits poorly on your strangely shaped body.


Message History

Robin is heavily wounded.
Robin zaps a wand.
The puff of flame hits you!
* * * LOW HITPOINT WARNING * * *
You claw Robin!
Robin is almost dead.
Robin hits you but does no damage.
You barely miss Robin.
Robin is almost dead.
Robin misses you.
You see here a stone.
Things that are here:
a stone; a dagger Robin throws the goblin at you!
You see here a stone.
You barely miss the goblin. The goblin hits you with a dagger.
* * * LOW HITPOINT WARNING * * *
You scratch the goblin.
The goblin is severely wounded.
The goblin hits you with a dagger.
You die...

#....g.gg..)†)..
###.#############.
#...# #.###
#.####w#########
#.......†...)..#
######g#######.#
#g# #.#######. #@#
####......... #g#
#.....#######
#.####.###.# #..
.....#.# ####
#.#.#.# #.....#
###.### #.# #<#


You could see Robin, a dart slug, a hobgoblin and a goblin.

Vanquished Creatures
  2 leopard geckos (D:1)
  2 giant cockroaches (D:1)
  11 goblins
  8 hobgoblins
  2 quokkas (D:2)
  3 bats
  4 frilled lizards (D:1)
  3 kobolds
  6 rats (D:1)
41 creatures vanquished.

Notes
Turn   | Place    | Note
-------+----------+-------------------------------------------
     0 | D:1      | vatarom the Troll Transmuter began the quest for the Orb.
     0 | D:1      | Reached XP level 1. HP: 18/18 MP: 1/1
    76 | D:1      | Reached skill level 1 in Fighting
   173 | D:1      | Reached XP level 2. HP: 27/27 MP: 2/2
   885 | D:2      | Reached XP level 3. HP: 33/33 MP: 3/3
   907 | D:2      | Noticed Robin
   942 | D:2      | Gained mutation: You tend to lose your temper in combat. [potion of mutation]
   942 | D:2      | Gained mutation: Armour fits poorly on your strangely shaped body. [potion of mutation]
   942 | D:2      | Gained mutation: You are partially covered in icy blue scales. (AC +2) [potion of mutation]
   986 | D:2      | Slain by a goblin

Skill      XL: |  1 |
---------------+----+-----
Fighting       | 1 |  1.5
Dodging        | |  1.9
Unarmed Combat | |  3.9
Spellcasting   | |  1.2
Transmutations | |  1.3

Action                   || total
-------------------------++-------
Melee: Unarmed           ||   111
 Cast: Beastly Appendage ||     2
  Use: Scroll            ||     5
       Potion            ||     1
 Stab: Sleeping          ||     1
  Eat: Chunk             ||     6
Armor: Robe              ||    41
Dodge: Dodged            ||    73
